[ AOE2 MATCH · #506056346 ]
UnrankedCelts vs Georgians
Player's team · WIN
[ REPLAY ANALYSIS · EXTRACTED FROM THE RECORDED GAME ]
Feudal
13:06
Castle
16:46
Imperial
31:30
| APM avg | 76.6 |
| APM peak | 139 |
| eAPM avg | 49.0 |
| Villagers / military | 256 / 197 |
Focus
⚔️ 62.8% · 🌾 37.2%
Spearman ×135 · Scorpion ×33 · Trebuchet (Packed) ×9 · Mangonel ×7 · Monk ×6 · Militia ×3
Feudal
8:59
Castle
18:25
Imperial
36:15
| APM avg | 58.5 |
| APM peak | 98 |
| eAPM avg | 25.0 |
| Villagers / military | 136 / 109 |
Focus
⚔️ 25.9% · 🌾 74.1%
Cavalry Archer ×52 · Monaspa ×15 · Mangonel ×15 · Scout Cavalry ×15 · Archer ×6 · Monk ×2
Match map
Initial resources + every placement click. Lines = walls · curves = elevation contours. ◆ gold · ⬟ stone · ● berries · ✦ relic · ◌ wall gap
Your base· ✓ Closed at 16:46 · 62t walls · no gate
I'm down but alive's base· ✓ Closed at 18:25 · 32t walls · 2 gate(s)
Smoothed initial terrain · ◌ = detected wall gap · hover for details
Inputs per minute
— Sóc Min - - I'm down but alive
Build order — Sóc Min
First 150 of 600 actions detected
| 0:01 | Queue | Villager (Male) ×4 |
| 0:01 | Queue | Villager (Male) ×4 |
| 0:02 | Build | House |
| 0:04 | Build | House |
| 1:34 | Queue | Villager (Male) |
| 1:34 | Queue | Villager (Male) |
| 1:34 | Queue | Villager (Male) |
| 1:51 | Queue | Villager (Male) |
| 1:51 | Queue | Villager (Male) |
| 1:52 | Queue | Villager (Male) |
| 2:27 | Queue | Villager (Male) |
| 2:27 | Queue | Villager (Male) |
| 2:28 | Queue | Villager (Male) |
| 2:31 | Build | Lumber Camp |
| 2:54 | Queue | Villager (Male) |
| 2:55 | Queue | Villager (Male) |
| 2:55 | Queue | Villager (Male) |
| 3:25 | Build | House |
| 3:34 | Queue | Villager (Male) |
| 3:34 | Queue | Villager (Male) |
| 3:44 | Queue | Villager (Male) |
| 3:45 | Queue | Villager (Male) |
| 4:00 | Queue | Villager (Male) |
| 4:20 | Queue | Villager (Male) |
| 4:20 | Queue | Villager (Male) |
| 5:08 | Build | Barracks |
| 5:23 | Queue | Villager (Male) |
| 5:23 | Research | Loom |
| 5:33 | Build | House |
| 5:57 | Build | Palisade Wall |
| 6:01 | Queue | Militia |
| 6:02 | Queue | Militia |
| 6:10 | Queue | Villager (Male) |
| 6:12 | Queue | Militia |
| 6:33 | Build | House |
| 6:46 | Queue | Villager (Male) |
| 6:50 | Build | Palisade Wall |
| 7:02 | Build | Palisade Wall |
| 7:07 | Queue | Villager (Male) |
| 7:25 | Queue | Villager (Male) |
| 7:28 | Build | Mill |
| 7:33 | Build | Palisade Wall |
| 7:44 | Build | Palisade Wall |
| 7:47 | Queue | Villager (Male) |
| 7:51 | Build | Palisade Wall |
| 8:05 | Queue | Villager (Male) |
| 8:05 | Queue | Villager (Male) |
| 8:33 | Queue | Villager (Male) |
| 8:43 | Build | House |
| 8:55 | Build | Farm |
| 8:57 | Queue | Villager (Male) |
| 8:59 | Build | Farm |
| 9:32 | Queue | Villager (Male) |
| 9:53 | Build | Farm |
| 9:55 | Queue | Villager (Male) |
| 9:57 | Build | Farm |
| 10:21 | Build | Mining Camp |
| 10:43 | Build | Farm |
| 10:50 | Research | Feudal Age |
| 10:50 | Research | Feudal Age |
| 11:03 | Build | Farm |
| 11:55 | Build | Farm |
| 12:00 | Build | Farm |
| 12:53 | Queue | Villager (Male) |
| 12:54 | Queue | Villager (Male) |
| 13:06 | Age | Feudal Age |
| 13:09 | Build | Stable |
| 13:13 | Build | Market |
| 13:24 | Build | House |
| 13:30 | Build | House |
| 13:42 | Build | House |
| 13:53 | Build | House |
| 13:57 | Build | House |
| 13:58 | Build | House |
| 14:06 | Research | Castle Age |
| 14:06 | Research | Castle Age |
| 14:13 | Build | Palisade Wall |
| 14:53 | Research | Double-Bit Axe |
| 14:53 | Research | Double-Bit Axe |
| 14:53 | Research | Double-Bit Axe |
| 15:13 | Research | Horse Collar |
| 15:13 | Research | Horse Collar |
| 15:13 | Research | Horse Collar |
| 15:13 | Research | Gold Mining |
| 15:13 | Research | Gold Mining |
| 15:14 | Research | Gold Mining |
| 16:07 | Build | Palisade Wall |
| 16:22 | Queue | Villager (Male) |
| 16:46 | Age | Castle Age |
| 16:47 | Queue | Knight |
| 16:50 | Build | Town Center |
| 16:55 | Build | Town Center |
| 17:03 | Research | Bow Saw |
| 17:03 | Research | Bow Saw |
| 17:03 | Research | Bow Saw |
| 17:03 | Research | Bow Saw |
| 17:06 | Queue | Villager (Male) |
| 17:18 | Build | Monastery |
| 17:32 | Queue | Knight |
| 17:36 | Research | Wheelbarrow |
| 17:36 | Research | Wheelbarrow |
| 17:58 | Build | Farm |
| 18:05 | Queue | Monk |
| 18:07 | Build | House |
| 18:15 | Queue | Villager (Male) ×2 |
| 18:15 | Queue | Villager (Male) ×2 |
| 18:23 | Build | Farm |
| 18:41 | Queue | Villager (Male) |
| 18:41 | Queue | Villager (Male) |
| 18:41 | Queue | Villager (Male) |
| 18:43 | Build | Farm |
| 18:44 | Build | Farm |
| 18:49 | Queue | Villager (Male) |
| 18:49 | Queue | Villager (Male) |
| 18:58 | Build | House |
| 19:12 | Queue | Villager (Male) ×2 |
| 19:12 | Queue | Villager (Male) ×2 |
| 19:12 | Queue | Villager (Male) ×2 |
| 19:14 | Build | Farm |
| 19:17 | Build | Farm |
| 19:18 | Build | Farm |
| 19:23 | Queue | Villager (Male) ×2 |
| 19:24 | Queue | Villager (Male) ×2 |
| 19:30 | Build | Farm |
| 19:32 | Build | Farm |
| 19:37 | Queue | Villager (Male) |
| 19:38 | Queue | Villager (Male) |
| 19:38 | Queue | Villager (Male) |
| 19:42 | Build | Farm |
| 19:53 | Build | House |
| 19:54 | Build | House |
| 19:56 | Queue | Villager (Male) |
| 19:56 | Queue | Villager (Male) |
| 19:59 | Queue | Monk |
| 20:05 | Build | Farm |
| 20:05 | Build | Farm |
| 20:07 | Queue | Villager (Male) |
| 20:09 | Build | Farm |
| 20:10 | Build | Farm |
| 20:15 | Queue | Villager (Male) |
| 20:16 | Queue | Villager (Male) |
| 20:18 | Build | Farm |
| 20:20 | Build | Farm |
| 20:37 | Queue | Villager (Male) ×2 |
| 20:38 | Queue | Villager (Male) ×2 |
| 20:38 | Queue | Villager (Male) ×2 |
| 20:39 | Build | Farm |
| 20:40 | Build | Farm |
| 20:43 | Queue | Villager (Male) |
| 20:58 | Queue | Villager (Male) |
Build order — I'm down but alive
First 150 of 416 actions detected
| 0:00 | Queue | Villager (Male) |
| 0:01 | Queue | Villager (Male) |
| 0:01 | Queue | Villager (Male) |
| 0:01 | Queue | Villager (Male) |
| 0:02 | Build | House |
| 0:03 | Build | House |
| 1:33 | Queue | Villager (Male) |
| 1:55 | Queue | Villager (Male) |
| 2:39 | Queue | Villager (Male) |
| 2:39 | Queue | Villager (Male) |
| 2:59 | Queue | Villager (Male) |
| 3:03 | Queue | Villager (Male) |
| 3:13 | Queue | Villager (Male) |
| 3:46 | Queue | Villager (Male) |
| 3:56 | Build | House |
| 4:03 | Queue | Villager (Male) |
| 4:28 | Queue | Villager (Male) |
| 4:59 | Build | Barracks |
| 5:29 | Queue | Villager (Male) |
| 5:38 | Queue | Villager (Male) |
| 5:38 | Research | Loom |
| 5:42 | Build | House |
| 6:39 | Research | Feudal Age |
| 6:56 | Build | Mule Cart |
| 7:20 | Build | House |
| 7:21 | Build | Palisade Wall |
| 7:48 | Build | House |
| 7:52 | Build | Palisade Wall |
| 7:52 | Build | Palisade Wall |
| 8:00 | Build | Palisade Wall |
| 8:10 | Queue | Villager (Male) |
| 8:53 | Build | Palisade Gate |
| 8:55 | Build | Palisade Gate |
| 8:59 | Build | House |
| 8:59 | Age | Feudal Age |
| 9:01 | Build | Palisade Wall |
| 9:18 | Queue | Villager (Male) |
| 9:31 | Queue | Villager (Male) |
| 9:32 | Build | Archery Range |
| 9:58 | Queue | Villager (Male) |
| 10:03 | Build | Palisade Wall |
| 10:20 | Queue | Villager (Male) |
| 10:21 | Queue | Archer |
| 10:41 | Build | Mill |
| 10:53 | Queue | Archer |
| 10:54 | Queue | Villager (Male) |
| 11:13 | Queue | Archer |
| 11:14 | Queue | Villager (Male) |
| 11:20 | Build | Market |
| 11:41 | Queue | Villager (Male) |
| 11:43 | Build | Farm |
| 11:45 | Build | Farm |
| 11:50 | Build | House |
| 11:54 | Queue | Villager (Male) |
| 12:04 | Queue | Skirmisher |
| 12:15 | Queue | Villager (Male) |
| 12:20 | Queue | Archer |
| 12:44 | Queue | Villager (Male) |
| 12:47 | Queue | Villager (Male) |
| 12:59 | Build | Palisade Wall |
| 13:00 | Build | Palisade Wall |
| 13:07 | Build | House |
| 13:17 | Build | House |
| 13:20 | Queue | Villager (Male) |
| 13:41 | Build | Farm |
| 13:53 | Build | House |
| 13:54 | Queue | Archer |
| 14:00 | Queue | Villager (Male) |
| 14:16 | Build | Blacksmith |
| 14:26 | Queue | Villager (Male) |
| 14:49 | Build | House |
| 15:31 | Build | House |
| 15:45 | Research | Castle Age |
| 16:00 | Build | Farm |
| 16:04 | Build | Farm |
| 16:05 | Build | Farm |
| 16:10 | Queue | Archer |
| 16:12 | Build | House |
| 16:28 | Research | Fletching |
| 16:31 | Build | House |
| 16:45 | Build | Stable |
| 16:56 | Build | House |
| 17:08 | Build | Farm |
| 17:49 | Build | House |
| 18:04 | Research | Scale Barding Armor |
| 18:18 | Build | Archery Range |
| 18:19 | Queue | Villager (Male) |
| 18:25 | Age | Castle Age |
| 18:27 | Queue | Cavalry Archer |
| 18:34 | Build | Farm |
| 18:38 | Build | Farm |
| 18:43 | Research | Bodkin Arrow |
| 18:57 | Queue | Villager (Male) |
| 18:57 | Queue | Villager (Male) |
| 19:00 | Research | Double-Bit Axe |
| 19:01 | Build | Palisade Wall |
| 19:27 | Build | Monastery |
| 19:45 | Queue | Cavalry Archer |
| 19:56 | Queue | Villager (Male) |
| 19:57 | Queue | Villager (Male) |
| 19:58 | Queue | Cavalry Archer |
| 19:58 | Queue | Villager (Male) |
| 20:08 | Build | Farm |
| 20:12 | Queue | Monk |
| 20:19 | Queue | Cavalry Archer |
| 20:31 | Queue | Cavalry Archer |
| 20:33 | Queue | Villager (Male) |
| 20:36 | Build | House |
| 20:43 | Research | Horse Collar |
| 20:51 | Queue | Monk |
| 20:51 | Queue | Villager (Male) |
| 21:07 | Build | Mule Cart |
| 21:10 | Queue | Villager (Male) |
| 21:22 | Build | Palisade Gate |
| 21:27 | Build | House |
| 21:34 | Queue | Villager (Male) |
| 21:38 | Queue | Cavalry Archer |
| 21:38 | Queue | Cavalry Archer |
| 21:39 | Queue | Villager (Male) |
| 21:55 | Queue | Villager (Male) |
| 21:56 | Queue | Cavalry Archer |
| 22:13 | Research | Husbandry |
| 22:16 | Queue | Cavalry Archer |
| 22:22 | Queue | Villager (Male) |
| 22:50 | Build | Town Center |
| 22:54 | Queue | Cavalry Archer |
| 22:54 | Queue | Cavalry Archer |
| 22:55 | Queue | Villager (Male) |
| 23:11 | Queue | Villager (Male) |
| 23:17 | Research | Gold Mining |
| 23:21 | Queue | Cavalry Archer |
| 23:21 | Queue | Villager (Male) |
| 23:23 | Build | Farm |
| 23:24 | Build | Farm |
| 23:39 | Build | Farm |
| 23:44 | Queue | Villager (Male) |
| 23:47 | Build | House |
| 23:51 | Build | Farm |
| 24:01 | Build | Farm |
| 24:04 | Queue | Cavalry Archer |
| 24:28 | Queue | Cavalry Archer |
| 24:32 | Queue | Villager (Male) |
| 24:35 | Queue | Villager (Male) |
| 24:49 | Queue | Knight |
| 24:53 | Queue | Villager (Male) |
| 25:04 | Queue | Villager (Male) |
| 25:13 | Build | Town Center |
| 25:16 | Build | Farm |
| 25:16 | Build | Farm |
| 25:17 | Build | Farm |
Match timeline
| 4:59 | I'm down but alive · first_building Barracks |
| 5:08 | Sóc Min · first_building Barracks |
| 5:57 | Sóc Min · wall_segment Palisade Wall x12 |
| 6:50 | Sóc Min · wall_segment Palisade Wall x10 |
| 7:02 | Sóc Min · wall_segment Palisade Wall x10 |
| 7:21 | I'm down but alive · wall_segment Palisade Wall x6 |
| 7:33 | Sóc Min · wall_segment Palisade Wall x18 |
| 7:44 | Sóc Min · wall_segment Palisade Wall x5 |
| 7:51 | Sóc Min · wall_segment Palisade Wall x4 |
| 7:52 | I'm down but alive · wall_segment Palisade Wall x7 |
| 7:52 | I'm down but alive · wall_segment Palisade Wall x1 |
| 8:00 | I'm down but alive · wall_segment Palisade Wall x5 |
| 8:59 | I'm down but alive · age_up feudal |
| 9:01 | I'm down but alive · wall_segment Palisade Wall x1 |
| 9:32 | I'm down but alive · first_building Archery Range |
| 10:03 | I'm down but alive · wall_segment Palisade Wall x1 |
| 12:22 | I'm down but alive · first_market_sell 500 stone |
| 12:23 | I'm down but alive · first_market_buy 500 food |
| 12:59 | I'm down but alive · wall_segment Palisade Wall x6 |
| 13:00 | I'm down but alive · wall_segment Palisade Wall x5 |
| 13:06 | Sóc Min · age_up feudal |
| 13:09 | Sóc Min · first_building Stable |
| 14:13 | Sóc Min · wall_segment Palisade Wall x1 |
| 16:07 | Sóc Min · wall_segment Palisade Wall x4 |
| 16:19 | Sóc Min · first_market_buy 100 wood |
| 16:45 | I'm down but alive · first_building Stable |
| 16:46 | Sóc Min · age_up castle |
| 17:18 | Sóc Min · first_building Monastery |
| 18:25 | I'm down but alive · age_up castle |
| 19:01 | I'm down but alive · wall_segment Palisade Wall x1 |
| 19:27 | I'm down but alive · first_building Monastery |
| 21:58 | Sóc Min · first_building Siege Workshop |
| 26:42 | I'm down but alive · wall_segment Palisade Wall x1 |
| 28:34 | I'm down but alive · first_building Siege Workshop |
| 29:38 | I'm down but alive · first_building Castle |
| 30:10 | I'm down but alive · wall_segment Palisade Wall x1 |
| 31:30 | Sóc Min · age_up imperial |
| 31:34 | Sóc Min · first_building Castle |
| 35:31 | Sóc Min · first_market_sell 100 food |
| 36:15 | I'm down but alive · age_up imperial |
| 45:27 | I'm down but alive · resign |
[ AI ANALYSIS · 1 CREDIT ]
What really happened in this match?
Wolo.gg analyzes every decision: build order, eco, micro, common mistakes by bracket. Personalized analysis on WhatsApp or Discord in 30 seconds.
Civ guide
Celts
Perfil
Jugador #3580150